Map: Dreamcatcher LE

Players

Michael

  • Race: Zerg Zerg
  • League: Gold
  • Spawn Location: 5:00

Moroboshi - Winner!

  • Race: Protoss Protoss
  • League: Gold
  • Spawn Location: 11:00

VOD

Have the link to the VOD?

Description

Time

  • Played on: Oct. 7, 2018, 8:37 a.m.
  • Length: 15:55
Show
View Real Time Build Order
Export as new Build Order

Michael Zerg 

Build Orders: Hatch First 

Get SALT Encoding   

  12  0:00  Drone  
  13  0:12  Overlord  
  13  0:17  Drone  
  14  0:30  Drone x2  
  14  0:34  Drone  
  17  0:45  Drone  
  18  0:56  Hatchery  
  17  0:58  Drone  
  17  1:03  Extractor  
  17  1:13  Spawning Pool  
  16  1:20  Drone  
  16  1:21  Drone  
  18  1:27  Drone  
  19  1:38  Drone  
  20  1:49  Overlord  
  21  2:16  Drone  
  21  2:17  Hatchery, Roach Warren, Drone  
  21  2:20  Extractor, Queen  
  21  2:21  Metabolic Boost  
  21  2:40  Drone x2  
  23  2:56  Queen  
  25  2:59  Roach  
  25  3:00  Roach  
  29  3:05  Overlord  
  29  3:22  Ravager  
  29  3:24  Ravager  
  29  3:26  Overlord  
  31  4:04  Roach x10  
  51  4:25  Overlord  
  45  4:46  Queen  
  45  4:47  Queen  
  45  4:51  Roach  
  45  4:52  Hatchery  
  50  4:57  Overlord  
  50  5:03  Drone  
  50  5:04  Drone  
  52  5:08  Drone  
  53  5:17  Drone x2  
  53  5:19  Drone  
  56  5:22  Drone  
  57  5:44  Ravager x3  
  57  5:45  Ravager  
  57  5:46  Roach x3  
  57  5:48  Roach  
  67  5:53  Overlord  
  67  5:58  Overlord  
  55  6:33  Roach x9  
  55  6:37  Roach  
  75  6:45  Roach  
  75  6:46  Roach x2  
  79  7:01  Overlord  
  79  7:02  Overlord  
  79  7:06  Zergling x8  
  83  7:09  Roach  
  83  7:14  Roach  
  87  7:23  Lair  
  83  7:37  Zergling x6  
  83  7:38  Zergling x4  
  76  8:02  Ravager x2  
  76  8:03  Ravager  
  77  8:15  Drone x7, Evolution Chamber  
  77  8:16  Drone x6  
  88  8:40  Roach x2  
  88  8:41  Roach x4  
  99  8:50  Overlord  
  99  8:51  Overlord x2  
  99  8:56  Pneumatized Carapace  
  89  9:23  Roach x6  
  98  9:25  Zergling x18  
  98  9:30  Drone x2  
  106  9:47  Drone x2, Hydralisk Den  
  106  9:48  Drone  
  106  9:49  Extractor  
  106  9:51  Extractor, Drone x2  
  106  9:52  Drone x2  
  110  10:07  Drone  
  110  10:09  Drone x3  
  110  10:11  Overlord x3  
  110  10:12  Overlord  
  114  10:16  Burrow  
  114  10:31  Hatchery  
  101  10:47  Hydralisk x3  
  101  10:48  Hydralisk x2  
  109  10:58  Extractor, Drone x4  
  109  10:59  Extractor  
  109  11:03  Drone x3  
  109  11:04  Drone  
  115  11:05  Drone x2  
  117  11:11  Spire  
  116  11:18  Overlord  
  116  11:19  Overlord  
  116  11:27  Muscular Augments  
  116  11:30  Glial Reconstitution  
  116  11:39  Drone x8  
  130  11:40  Drone x6  
  130  11:52  Overlord x2  
  130  11:58  Hydralisk x6  
  142  12:03  Drone  
  142  12:04  Drone x2  
  142  12:07  Extractor  
  144  12:09  Extractor  
  144  12:10  Spore Crawler, Spine Crawler  
  144  12:12  Queen  
  144  12:14  Spine Crawler  
  142  12:19  Drone x3  
  142  12:20  Drone x3  
  148  12:33  Corruptor  
  148  12:34  Corruptor x3  
  148  12:35  Corruptor  
  158  12:48  Queen  
  158  12:51  Corruptor  
  158  12:55  Overlord  
  158  12:56  Overlord x5  
  160  13:10  Infestation Pit  
  159  13:24  Hydralisk x12  
  159  13:25  Hydralisk x3  
  189  13:30  Zergling x8  
  189  13:31  Zergling x2  
  194  13:39  Zerg Ground Armor Level 1  
  194  13:53  Hive  
  194  13:55  Zerg Flyer Armor Level 1  
  194  13:56  Hydralisk  
  194  13:57  Hydralisk x2  
  138  14:22  Hydralisk x10  
  129  14:25  Zergling x16  
  129  14:26  Zergling x14  
  127  14:34  Zergling x2  
  130  14:42  Zergling x8  
  127  14:47  Hydralisk x3  
  101  15:06  Hydralisk  
  73  15:07  Hydralisk x8  
  87  15:20  Zergling x10  
  55  15:37  Overlord  
Show
View Real Time Build Order
Export as new Build Order

Moroboshi Protoss - Winner!

Build Orders: Cannon Rush 

Get SALT Encoding   

  1  0:00  Probe  
  12  0:05  Probe  
  14  0:21  Pylon  
  14  0:27  Probe  
  15  0:45  Forge  
  15  0:50  Gateway  
  15  0:59  Pylon  
  15  1:01  Probe  
  15  1:09  Probe  
  17  1:21  Photon Cannon  
  17  1:29  Photon Cannon  
  17  1:43  Photon Cannon  
  17  1:44  Zealot  
  19  1:55  Pylon  
  19  2:03  Probe  
  20  2:11  Probe  
  20  2:13  Assimilator  
  21  2:21  Probe  
  21  2:26  Cybernetics Core  
  22  2:33  Probe  
  23  2:43  Photon Cannon  
  23  2:45  Probe  
  24  2:54  Zealot  
  24  2:56  Probe  
  27  3:08  Assimilator  
  27  3:35  Nexus  
  27  3:38  Assimilator  
  27  3:40  Assimilator  
  27  3:45  Pylon  
  27  3:48  Warp Gate  
  27  3:53  Probe  
  28  3:56  Stalker  
  30  4:05  Probe  
  31  4:17  Probe  
  31  4:23  Pylon  
  32  4:26  Stalker  
  32  4:27  Probe  
  35  4:35  Probe, Gateway  
  36  4:50  Probe  
  36  4:53  Shield Battery  
  36  4:58  Pylon  
  36  4:59  Probe  
  37  5:02  Stalker  
  40  5:08  Probe  
  41  5:16  Probe  
  41  5:20  Probe  
  43  5:28  Probe  
  44  5:32  Probe  
  44  5:34  Stalker x2  
  49  5:40  Probe  
  50  5:44  Probe  
  51  5:52  Probe  
  51  5:56  Robotics Facility, Probe  
  53  5:57  Robotics Facility  
  53  6:04  Probe  
  50  6:22  Probe, Stalker  
  50  6:23  Stalker  
  52  6:30  Probe  
  53  6:38  Immortal x2  
  60  7:02  Stalker  
  62  7:11  Pylon  
  62  7:13  Pylon  
  62  7:19  Pylon  
  62  7:29  Immortal x2  
  68  7:40  Stalker  
  68  7:41  Stalker  
  72  8:09  Immortal, Observer, Pylon  
  72  8:12  Photon Cannon  
  77  8:20  Photon Cannon  
  77  8:30  Immortal  
  81  8:41  Stalker  
  81  8:42  Stalker  
  83  9:40  Stalker  
  85  9:47  Pylon  
  85  9:50  Pylon  
  85  9:53  Pylon  
  85  10:00  Pylon  
  85  10:04  Pylon  
  85  10:05  Protoss Ground Weapons Level 1  
  85  10:06  Gateway  
  85  10:07  Gateway  
  85  10:09  Stalker x2  
  85  10:12  Gateway  
  89  10:14  Gateway  
  89  10:16  Nexus, Gateway  
  89  10:17  Twilight Council  
  89  10:20  Assimilator x2, Pylon  
  89  10:22  Pylon x2  
  89  10:23  Pylon  
  89  10:25  Immortal x2, Pylon  
  97  10:30  Forge  
  95  10:49  Stalker  
  97  10:50  Stalker  
  99  11:11  Blink  
  99  11:21  Dark Shrine  
  99  11:24  Stalker x2  
  99  11:25  Stalker x4  
  109  11:26  Stalker  
  109  11:29  Probe  
  114  11:35  Protoss Ground Armor Level 1  
  114  11:37  Probe  
  114  11:45  Probe  
  115  11:53  Probe  
  116  11:55  Stalker x2  
  116  11:56  Stalker x3  
  116  11:57  Stalker  
  129  12:01  Probe x2  
  131  12:09  Probe  
  131  12:15  Probe  
  132  12:20  Probe  
  134  12:27  Probe  
  135  12:33  Probe  
  136  12:39  Probe  
  137  12:48  Stargate  
  137  12:50  Dark Templar x4  
  145  12:51  Probe, Stargate  
  145  12:52  Dark Templar  
  145  12:54  Stargate  
  149  12:58  Observer  
  149  13:01  Observer  
  150  13:28  Dark Templar x2  
  150  13:29  Dark Templar x2  
  150  13:30  Dark Templar x3  
  164  13:34  Archon x2  
  164  13:35  Archon  
  164  13:51  Probe  
  165  13:59  Probe  
  165  14:08  Probe  
  145  14:21  Probe  
  123  15:42  Dark Templar x4  
  129  15:43  Dark Templar x3  
Tags
 
Add a new tag
Caveats
  • Supply blocks, unpowered buildings, or Contaminate may cause inaccurate times.
  • Supply counts are checked every 10 seconds.